 Dungeon Crawl Stone Soup version 0.17-a0-737-gf0a300a (webtiles) character file.

106 Ololoev the Stinger (level 4, 0/30 HPs)
             Began as a Mummy Venom Mage on Apr 29, 2015.
             Slain by a goblin (1 damage)
             ... led by Robin
             ... on level 3 of the Dungeon.
             The game lasted 00:11:40 (3697 turns).

Ololoev the Stinger (Mummy Venom Mage)              Turns: 3697, Time: 00:11:40

Health: 0/30       AC:  2    Str: 11    XL:     4   Next: 55%
Magic:  1/8        EV: 12    Int: 15    God:
Gold:   258        SH:  0    Dex: 12    Spells: 3 memorised, 1 level left

rFire  x . .     SeeInvis .     e - +0 whip
rCold  + . .     Clarity  .     a - +0 robe
rNeg   + + +     SustAb   .     (no shield)
rPois  ∞         Gourm    .     (no helmet)
rElec  .         Spirit   .     (no cloak)
rCorr  .         Warding  .     (no gloves)
rMut   .         Stasis   .     (no boots)
MR     .....                    (no amulet)
Stlth  ++........               (no ring)
                                (no ring)

@: very slightly contaminated, not resistant to hostile enchantments, unstealthy
A: no food or potions, fire vulnerability, cold resistance 1, negative energy
resistance 3, torment resistance, unbreathing
a: no special abilities


Innate Abilities, Weirdness & Mutations

You do not eat or drink.
Your flesh is vulnerable to fire.
You are immune to poison.
Your flesh is cold resistant.
You are immune to negative energy.
You are immune to unholy pain and torment.
You can survive without breathing.

Inventory:

Hand weapons
 e - a +0 whip (weapon)
Missiles
 l - 8 curare-tipped needles
Armour
 a - a +0 robe (worn)
 h - a +0 buckler
Scrolls
 g - 2 scrolls of remove curse
 i - 2 scrolls of identify
 j - a scroll of recharging
Books
 b - a Young Poisoner's Handbook

   Spells                             Type                      Level
   a - Sting                          Conjuration/Poison           1
   b - Cure Poison                    Poison                       2
   c - Mephitic Cloud                 Conjuration/Poison/Air       3
   d - Olgreb's Toxic Radiance        Poison                       4
   e - Venom Bolt                     Conjuration/Poison           5


   Skills:
 - Level 1.5 Dodging
 - Level 1.5 Stealth
 + Level 3.1 Spellcasting
 - Level 1.2 Conjurations
 * Level 4.1 Poison Magic


You had one spell level left.
You knew the following spells:

 Your Spells              Type           Power        Failure   Level  Hunger
a - Sting                 Conj/Pois      ##..         10%         1    N/A
b - Mephitic Cloud        Conj/Pois/Air  #.......     30%         3    N/A
c - Olgreb's Toxic Radia  Pois           ##......     41%         4    N/A


You were on level 3 of the Dungeon.
You were not hungry.

You visited 1 branch of the dungeon, and saw 3 of its levels.

You collected 258 gold pieces.

###### .....#
#.########### ####.#
#....b.g@gb.# ####.##
###########g#
......########...##.#
####.....†)......##.#
# #.#########)..##.#
## #.# ##.###.# .#
#.# #.# #g########
.###.#
########.###.>......#
.....#
.................##†#

Notes
Turn   | Place    | Note
--------------------------------------------------------------
     0 | D:1      | Ololoev, the Mummy Venom Mage, began the quest for the Orb.
     0 | D:1      | Reached XP level 1. HP: 13/13 MP: 3/3
   464 | D:1      | Reached XP level 2. HP: 13/19 MP: 1/5
  1383 | D:2      | Reached XP level 3. HP: 20/24 MP: 0/6
  1407 | D:2      | Learned a level 3 spell: Mephitic Cloud
  2397 | D:2      | Reached skill level 1 in Conjurations
  2609 | D:2      | Reached XP level 4. HP: 27/30 MP: 4/8
  2619 | D:2      | Learned a level 4 spell: Olgreb's Toxic Radiance
  2902 | D:2      | Reached skill level 4 in Poison Magic
  3408 | D:3      | Noticed Robin
  3677 | D:3      | HP: 1/30 [Robin/spear (7)]
  3695 | D:3      | HP: 1/30 [hobgoblin (2)]
  3697 | D:3      | Slain by a goblin

Dungeon Overview and Level Annotations

Branches:
Dungeon (3/15)

Altars:

Annotations:
D:3 Robin


Message History

Confirm with . or Enter, or press ? or * to list all spells.
Aiming: Sting
Press: ? - help, Shift-Dir - straight line, f - hobgoblin
Aim: a hobgoblin The sting misses the hobgoblin.
Casting: Sting
Confirm with . or Enter, or press ? or * to list all spells.
Aiming: Sting
Press: ? - help, Shift-Dir - straight line, f/p - hobgoblin
Aim: a hobgoblin The sting hits the hobgoblin.
The hobgoblin is lightly wounded.
Read which item? (? for menu, Esc to quit)
As you read the scroll labeled QIMNEENAGI, it crumbles to dust.
The creatures around you are filled with an inner flame!
It was a scroll of immolation.
The hobgoblin hits you.
Read which item? (? for menu, Esc to quit)
As you read the scroll labeled ACVAYT MISA, it crumbles to dust.
You hear the tinkle of a tiny bell.
It was a scroll of random uselessness.
The hobgoblin barely misses you. The goblin closely misses you.
Robin closely misses your butterfly.
You can't drink.
You aren't carrying any items that can be evoked.
You can't drink.
Casting: Sting
Confirm with . or Enter, or press ? or * to list all spells.
You don't know that spell.
Press: ? - help, v - describe, . - travel
Here: Robin, wielding a spear, wearing an animal skin and wearing an ancient helmet (severely wounded)
The floor.
Read which item? (? for menu, Esc to quit)
Okay, then.
Casting: Sting
Confirm with . or Enter, or press ? or * to list all spells.
Okay, then.
You can't eat.
You closely miss the hobgoblin.
The hobgoblin is lightly wounded.
The goblin hits you.
You die...

You could see Robin, a hobgoblin (inner flame) and a goblin (inner flame).

Vanquished Creatures
  3 adders (D:2)
  3 worms
  3 giant geckos
  2 orcs (D:3)
  A giant cockroach (D:3)
  10 hobgoblins
  2 ball pythons
  6 bats
  15 giant newts
  9 goblins
  10 kobolds
  A quokka (D:2)
  5 rats
70 creatures vanquished.

Action                   |  1- 3 |  4- 6 || total
-------------------------+-------+-------++-------
Melee: Unarmed           |    17 |       ||    17
       Whip              |    56 |    13 ||    69
 Cast: Sting             |    92 |    56 ||   148
       Olgreb's Toxic Ra |       |     1 ||     1
  Use: Scroll            |       |     7 ||     7
 Stab: Sleeping          |     1 |       ||     1

Vault maps used:
D:1:      shiori_arrival_oz, minmay_lizard_king
D:2:      serial_park_square1
D:3:      minitemple, minmay_misc_feat_secret_circle, uniq_robin
